Map: Dusty Gorge

Players

JYUITI - Winner!

  • Race: Protoss Protoss
  • Spawn Location: 3:00

ESTAGIARIO - Winner!

  • Race: Zerg Zerg
  • Spawn Location: 5:00

Subwaymaker

  • Race: Protoss Protoss
  • League: Gold
  • Spawn Location: 9:00

Mesrob

  • Race: Terran Terran
  • League: Platinum
  • Spawn Location: 11:00

VOD

Have the link to the VOD?

Description

Time

  • Played on: March 15, 2019, 9:24 p.m.
  • Length: 15:21
Show
View Real Time Build Order
Export as new Build Order

JYUITI Protoss - Winner!

Build Orders: Carriers 

Get SALT Encoding   

  12  0:01  Probe  
  13  0:13  Probe  
  14  0:23  Pylon  
  14  0:25  Probe  
  15  0:41  Probe  
  16  0:43  Gateway  
  16  0:51  Assimilator  
  16  0:56  Assimilator  
  16  0:58  Probe  
  17  1:10  Probe  
  18  1:14  Pylon  
  18  1:18  Probe  
  19  1:26  Probe  
  20  1:36  Probe  
  21  1:44  Probe  
  21  1:52  Probe  
  23  2:08  Nexus  
  23  2:12  Assimilator  
  23  2:24  Assimilator  
  23  2:40  Cybernetics Core  
  23  2:42  Pylon  
  23  2:44  Pylon  
  23  2:48  Pylon, Probe  
  23  2:51  Pylon  
  24  3:00  Probe  
  25  3:11  Pylon  
  25  3:12  Probe  
  26  3:17  Stargate  
  26  3:19  Stargate  
  26  3:24  Probe  
  26  3:25  Probe  
  28  3:33  Probe  
  28  3:35  Probe  
  28  3:41  Probe  
  30  3:43  Probe  
  32  3:50  Probe  
  32  3:51  Probe  
  34  3:58  Probe  
  35  4:03  Probe  
  35  4:06  Probe  
  36  4:15  Probe  
  38  4:17  Probe  
  38  4:19  Fleet Beacon  
  38  4:23  Probe  
  39  4:29  Probe  
  39  4:31  Probe  
  42  4:41  Probe  
  42  4:42  Probe  
  42  4:43  Stargate  
  42  4:45  Stargate  
  44  5:00  Carrier  
  44  5:06  Carrier  
  50  5:13  Probe  
  57  5:17  Probe  
  58  5:29  Probe, Carrier  
  58  5:31  Carrier  
  59  5:41  Probe  
  72  5:53  Probe  
  73  6:22  Carrier x2  
  85  6:26  Nexus  
  85  6:46  Pylon  
  85  6:48  Pylon  
  85  6:54  Assimilator  
  85  6:58  Assimilator  
  85  7:04  Carrier  
  85  7:06  Carrier  
  97  7:10  Probe  
  98  7:22  Probe  
  99  7:34  Probe  
  100  7:38  Probe  
  101  7:47  Protoss Air Weapons Level 1, Probe  
  101  7:48  Probe  
  101  7:50  Probe  
  104  7:54  Anion Pulse-Crystals  
  104  7:59  Probe  
  104  8:00  Probe  
  104  8:02  Probe  
  107  8:10  Carrier  
  107  8:11  Probe  
  107  8:12  Probe  
  115  8:15  Probe  
  116  8:24  Probe  
  117  9:41  Protoss Air Armor Level 1  
  117  9:55  Probe x2  
  113  10:52  Carrier  
  113  11:17  Pylon  
  113  11:20  Pylon  
  113  11:24  Pylon  
  113  11:25  Pylon  
  113  11:35  Carrier  
  125  11:41  Nexus  
  125  11:51  Carrier  
  125  12:26  Carrier  
  125  12:29  Pylon  
  125  12:30  Pylon  
  125  12:33  Pylon  
  125  12:35  Pylon  
  125  12:37  Pylon  
  125  12:39  Pylon  
  124  12:48  Probe  
  124  12:51  Carrier  
  143  13:00  Probe  
Show
View Real Time Build Order
Export as new Build Order

ESTAGIARIO Zerg - Winner!

Build Orders: Pool First, Brood Lord Corruptor 

Get SALT Encoding   

  12  0:19  Spawning Pool  
  11  0:23  Drone  
  11  0:28  Drone  
  13  0:36  Drone  
  13  0:40  Overlord  
  14  0:54  Extractor, Drone  
  14  1:08  Drone x2  
  14  1:09  Queen  
  18  1:22  Drone  
  19  1:33  Drone  
  20  1:41  Drone  
  20  1:44  Extractor  
  20  1:53  Drone  
  21  1:55  Hatchery  
  20  2:12  Drone  
  20  2:13  Drone  
  22  2:29  Overlord x2  
  22  2:38  Lair  
  22  2:51  Drone x2  
  22  2:54  Drone  
  25  3:03  Drone  
  26  3:10  Queen  
  26  3:11  Drone  
  29  3:21  Drone  
  30  3:34  Drone  
  30  3:37  Extractor  
  30  3:38  Extractor  
  30  3:41  Drone x4  
  30  3:42  Drone x2  
  35  3:50  Drone x2  
  37  3:56  Hydralisk Den  
  36  4:09  Evolution Chamber  
  36  4:17  Drone x5  
  36  4:19  Queen  
  36  4:21  Overlord x2  
  42  4:33  Grooved Spines  
  42  4:41  Zerg Ground Armor Level 1  
  42  4:51  Drone x3  
  45  5:07  Hydralisk x6  
  57  5:43  Evolution Chamber  
  57  5:45  Muscular Augments  
  56  5:57  Hydralisk x2  
  56  6:01  Overlord x2  
  60  6:16  Hatchery  
  59  6:20  Spire  
  59  6:24  Drone x2  
  60  6:46  Hydralisk x2  
  60  6:47  Hydralisk x6  
  76  6:54  Overlord  
  76  6:55  Overlord x3  
  76  7:01  Zerg Missile Weapons Level 1  
  76  7:02  Zerg Ground Armor Level 2  
  76  7:13  Hydralisk x3  
  82  7:49  Infestation Pit  
  81  7:52  Spore Crawler  
  81  7:57  Spore Crawler, Drone x3  
  82  8:19  Queen  
  84  8:20  Drone x3  
  87  9:07  Hydralisk x3  
  87  9:08  Hydralisk x3  
  99  9:10  Hydralisk x6  
  99  9:11  Hydralisk  
  75  9:33  Corruptor x3  
  75  9:37  Corruptor x6  
  93  10:05  Hive  
  79  11:08  Corruptor x2  
  79  11:09  Corruptor x2  
  79  11:10  Corruptor x5  
  79  11:11  Corruptor x3  
  85  11:22  Extractor, Drone x3  
  87  11:28  Extractor  
  86  12:02  Hydralisk x5  
  96  12:15  Greater Spire  
  84  13:13  Zergling x6  
  87  13:21  Zergling x4  
  87  13:22  Zergling x12  
  87  13:23  Zergling x12  
  87  13:24  Zergling x4  
  84  14:21  Brood Lord x5  
  84  14:22  Brood Lord  
  96  14:28  Hydralisk x4  
  96  14:29  Hydralisk x4  
  112  14:31  Hydralisk  
  112  14:33  Overlord  
  112  14:34  Overlord x5  
  112  14:35  Overlord x2  
Show
View Real Time Build Order
Export as new Build Order

Subwaymaker Protoss 

Build Orders: Colossus Rush 

Get SALT Encoding   

  12  0:01  Probe  
  13  0:13  Probe  
  14  0:21  Pylon  
  14  0:26  Probe  
  15  0:39  Probe  
  16  0:44  Gateway  
  16  0:47  Probe  
  16  0:55  Probe  
  17  0:59  Assimilator  
  18  1:09  Probe  
  19  1:21  Probe  
  19  1:24  Gateway  
  20  1:31  Pylon  
  20  1:37  Cybernetics Core  
  20  1:41  Assimilator, Probe  
  21  1:49  Probe  
  22  1:58  Probe  
  23  2:14  Sentry  
  25  2:17  Nexus  
  25  2:22  Warp Gate  
  25  2:27  Stalker  
  27  2:33  Probe  
  28  2:41  Probe  
  28  2:49  Pylon  
  28  2:50  Probe  
  30  3:02  Probe  
  31  3:11  Probe  
  31  3:13  Robotics Facility  
  31  3:19  Probe  
  32  3:21  Assimilator  
  33  3:28  Pylon  
  33  3:29  Probe  
  33  3:30  Probe  
  35  3:38  Probe  
  35  3:41  Probe  
  36  3:46  Probe  
  37  3:53  Probe  
  39  3:58  Probe, Gateway  
  39  4:00  Observer, Gateway  
  41  4:05  Probe  
  41  4:09  Assimilator  
  42  4:11  Stalker, Probe  
  42  4:12  Sentry  
  47  4:17  Probe  
  47  4:22  Robotics Bay  
  48  4:27  Pylon  
  48  4:36  Immortal  
  52  4:39  Stalker  
  52  4:41  Sentry  
  56  4:50  Probe  
  56  4:51  Probe  
  56  4:53  Twilight Council  
  56  4:58  Probe  
  56  4:59  Probe  
  58  5:05  Colossus  
  60  5:09  Sentry  
  68  5:25  Probe  
  69  5:30  Pylon  
  69  5:35  Charge  
  69  5:44  Dark Shrine  
  69  5:59  Forge x2  
  69  6:02  Nexus  
  69  6:03  Robotics Facility  
  69  6:04  Pylon  
  69  6:05  Colossus  
  69  6:07  Pylon  
  69  6:08  Probe x2  
  69  6:11  Assimilator  
  77  6:20  Probe  
  77  6:21  Extended Thermal Lance  
  78  6:32  Zealot x2  
  80  6:33  Zealot  
  84  6:40  Probe x2  
  84  6:47  Pylon  
  86  6:52  Probe x2  
  88  6:56  Colossus  
  88  6:58  Protoss Ground Weapons Level 1  
  88  6:59  Protoss Shields Level 1  
  94  7:05  Probe x2  
  94  7:07  Pylon  
  96  7:12  Probe  
  96  7:13  Probe  
  96  7:14  Pylon, Probe  
  96  7:21  Probe  
  96  7:22  Probe x2  
  99  7:26  Dark Templar  
  104  7:30  Dark Templar  
  106  7:51  Templar Archives  
  106  7:54  Assimilator  
  106  7:58  Probe x3  
  108  8:00  Colossus  
  115  8:10  Probe  
  115  8:11  Dark Templar  
  118  8:23  Colossus  
  118  8:26  Zealot x3  
  130  8:33  Pylon  
  130  8:37  Pylon  
  130  8:40  Gateway  
  130  8:42  Gateway  
  130  8:43  Gateway  
  130  8:44  Gateway  
  130  8:45  Dark Templar  
  125  8:58  Zealot x2  
  125  8:59  Zealot  
  91  9:46  High Templar  
  91  9:52  Pylon  
  93  9:57  Pylon  
  93  9:59  Pylon  
  93  10:04  Archon  
  93  10:05  Archon  
  88  10:18  High Templar x5  
  89  10:22  Archon x2  
  89  10:23  Archon  
  63  10:50  Stalker  
  63  10:51  Stalker x3  
  35  11:15  High Templar  
  35  11:16  High Templar  
  39  11:21  Archon  
Show
View Real Time Build Order
Export as new Build Order

Mesrob Terran 

Build Orders: Mech 

Get SALT Encoding   

  12  0:00  SCV  
  13  0:13  SCV  
  14  0:18  Supply Depot  
  14  0:25  SCV  
  15  0:39  SCV  
  15  0:40  Barracks  
  16  0:47  Refinery  
  16  0:52  SCV  
  17  1:09  SCV  
  18  1:21  SCV  
  19  1:32  Marine  
  20  1:37  Command Center  
  20  1:43  Orbital Command  
  20  1:56  Factory  
  20  2:05  Barracks Tech Lab  
  20  2:09  SCV  
  20  2:14  Refinery  
  21  2:27  Supply Depot  
  21  2:36  SCV  
  22  2:45  Engineering Bay  
  22  2:48  Marine, Siege Tank, SCV  
  27  2:53  Supply Depot  
  27  3:00  SCV  
  27  3:02  Orbital Command  
  28  3:12  SCV  
  29  3:22  Missile Turret x2  
  29  3:29  Siege Tank  
  29  3:33  Marine  
  33  3:38  SCV  
  34  3:50  SCV  
  34  3:51  Refinery, SCV  
  36  3:57  Marine  
  36  4:02  SCV  
  38  4:03  SCV  
  38  4:09  Armory  
  39  4:14  SCV  
  40  4:26  SCV  
  40  4:27  SCV  
  40  4:31  Barracks Reactor  
  42  4:45  Siege Tank  
  45  4:56  Command Center, Armory  
  45  5:01  Factory  
  45  5:08  Terran Vehicle Weapons Level 1  
  45  5:18  Barracks Tech Lab  
  45  5:19  Factory  
  45  5:24  SCV x2  
  45  5:28  Refinery  
  47  5:36  SCV x2  
  49  5:44  Command Center  
  49  6:01  Barracks Tech Lab  
  49  6:02  Factory  
  49  6:04  SCV x2  
  51  6:16  SCV  
  51  6:17  SCV  
  53  6:22  Orbital Command  
  53  6:28  Factory  
  53  6:29  Thor  
  53  6:31  Hellbat x2  
  63  6:37  Refinery  
  63  6:40  Refinery, SCV x2  
  65  6:49  SCV  
  65  6:52  SCV x2  
  68  6:57  Factory Reactor  
  68  7:01  SCV  
  68  7:04  SCV  
  70  7:09  Barracks Tech Lab  
  70  7:14  Sensor Tower  
  70  7:25  Orbital Command  
  70  7:27  SCV  
  70  7:28  SCV x2  
  73  7:39  SCV  
  73  7:40  SCV x2  
  76  7:51  SCV  
  76  7:52  SCV  
  76  7:56  SCV x2  
  80  8:01  Hellbat x2  
  80  8:03  Terran Vehicle Weapons Level 2  
  80  8:05  Terran Vehicle And Ship Armor Level 1  
  84  8:08  Supply Depot  
  84  8:12  Supply Depot  
  84  8:17  Supply Depot  
  84  8:29  Thor  
  84  8:30  SCV x2  
  84  8:33  Thor  
  100  8:34  Hellbat  
  100  8:36  Orbital Command  
  100  8:38  Thor  
  106  8:41  Barracks Reactor  
  106  8:47  Hellbat  
  108  8:50  Factory  
  108  9:25  Hellbat  
  107  9:37  Hellbat  
  107  9:39  Hellbat  
  107  9:41  Thor  
  104  9:54  Thor  
  59  11:18  Thor x4  
  59  11:20  Hellbat x3  
  59  11:21  Hellbat  
  91  11:26  Marine  
  91  11:27  Marine  
  91  11:28  Barracks  
  93  12:15  Barracks  
  93  12:45  Hellbat  
  93  12:47  Hellbat  
  93  12:49  Hellbat  
  93  12:50  Marine, Hellbat  
  93  12:51  Marine  
  92  13:07  Marine  
  92  13:10  Hellbat  
  93  13:13  Hellbat  
  88  13:21  Marine  
  88  13:39  Marine  
Tags
 
Add a new tag
Caveats
  • Supply blocks, unpowered buildings, or Contaminate may cause inaccurate times.
  • Supply counts are checked every 10 seconds.